 Dungeon Crawl Stone Soup version 0.30-a0-373-gd37427bb62 (webtiles) character file.

Game seed: 12581588603151193157

121 qeuew the Shield-Bearer (level 5, -2/42 HPs)
             Began as a Formicid Fighter on Nov 23, 2022.
             Was an Initiate of Okawaru.
             Killed from afar by an orc wizard (4 damage)
             ... with a magic dart
             ... on level 4 of the Dungeon on Nov 24, 2022.
             The game lasted 00:04:16 (2950 turns).

qeuew the Shield-Bearer (Formicid Fighter)          Turns: 2950, Time: 00:04:17

Health: -2/42      AC:  8    Str: 20 (21) XL:     5   Next: 26%
Magic:  5/5        EV: 10    Int:  7      God:    Okawaru [......]
Gold:   225        SH:  5    Dex: 14 (15) Spells: 4/4 levels left

rFire   . . .      SeeInvis +    a - +0 war axe
rCold   . . .      Faith    .    c - +0 buckler
rNeg    . . .      Spirit   .    b - +1 scale mail
rPois   .          Reflect  .    (helmet unavailable)
rElec   .          Harm     .    (no cloak)
rCorr   .          Rampage  .    (no gloves)
Will    .....                    (no boots)
Stlth   ..........               (no amulet)
HPRegen 0.27/turn                (no ring)
MPRegen 0.09/turn                (no ring)

@: mighty
A: permanent stasis, dig shafts and tunnels, antennae 3, four strong arms
a: Dig, Shaft Self, Renounce Religion


You were on level 4 of the Dungeon.
You worshipped Okawaru.
Okawaru was noncommittal.
You visited 1 branch of the dungeon, and saw 4 of its levels.

You collected 225 gold pieces.

Inventory:

Hand Weapons
 a - a +0 war axe (weapon)
Armour
 b - a +1 scale mail (worn)
 c - a +0 buckler (worn)
Wands
 e - a wand of flame (16)
Scrolls
 h - a scroll of enchant armour


   Skills:
 + Level 3.9 Fighting
 + Level 2.8 Axes
 + Level 3.9 Armour
 + Level 1.3 Dodging
 + Level 4.8 Shields
 + Level 1.0 Evocations


You had 4 spell levels left.
You didn't know any spells.
Your spell library contained the following spells:

 Spells                   Type           Power      Damage    Failure   Level
 Apportation              Tloc           0%         N/A       83%         1
 Necrotise                Necr           0%         1d4       83%         1
 Summon Small Mammal      Summ           Unusable   N/A       N/A         1

Dungeon Overview and Level Annotations

Branches:
Dungeon (4/15)
 Temple: D:4-7

Altars:
Okawaru
Ru
Sif Muna

Shops:
D:2 *   D:4 (


Innate Abilities, Weirdness & Mutations

You cannot be hasted, slowed, berserked, paralysed or teleported.
You can dig through walls and to a lower floor.
You have a pair of large antennae on your head. (SInv)
Your four strong arms can wield two-handed weapons with a shield.


Message History

You slash the orc priest!
The orc priest is severely wounded.
The orc priest invokes the aid of Beogh against you.
Beogh smites you!
* * * LOW HITPOINT WARNING * * *
You closely miss the orc priest.
The orc priest is severely wounded.
The orc priest casts a cantrip, but nothing happens.
You slash the orc priest!
You kill the orc priest!
Okawaru accepts your kill.
The orc wizard points at you and mumbles some strange words.
You are confused.
You feel your intelligence returning.
Your Evocations skill increases to level 1!
You have reached level 5!
You closely miss the orc wizard. You closely miss the orc wizard.
The orc wizard gestures at you while chanting.
The magic dart hits you but does no damage.
The orc wizard hits you but does no damage.
You barely miss the orc wizard.
The orc wizard hits you but does no damage.
The orc wizard points at you and mumbles some strange words.
The magic dart hits you.
* * * LOW HITPOINT WARNING * * *
Things that are here:
a +0 trident; an orc corpse You bump into the rock wall.
You miss the orc wizard.
You feel less confused.
The orc wizard gestures at you while chanting.
The magic dart hits you!
* * * LOW HITPOINT WARNING * * *
You block the orc wizard's attack.
You slash the orc wizard!
The orc wizard is heavily wounded.
The orc wizard points at you and mumbles some strange words.
The magic dart hits you.
You die...

#.##....... #......∩...
# ### ........... ##
...# .##.#...).# ...
.#.## #..##...## ....
...# #......... .....
#..#.#..##.#)..
#...#####..#.......#...
#...oo@)...###.........
#...######.#........###
#.. #.#.#..##..### ##
##.#.#........#
#>..........#.#
##.#.#.........
###.#.......#.
#.......#...
###.....####


You could see an orc wizard (invisible) and an orc.

Vanquished Creatures
  An orc priest (D:4)
  An adder (D:4)
  A worm (D:3)
  6 dart slugs
  3 orcs (D:4)
  8 ball pythons
  7 endoplasms
  5 giant cockroaches
  3 goblins
  4 hobgoblins (D:1)
  2 jackals (D:2)
  5 kobolds
  3 quokkas
  6 bats
  2 frilled lizards
  7 rats
64 creatures vanquished.

Notes
Turn   | Place    | Note
-------+----------+-------------------------------------------
     0 | D:1      | qeuew the Formicid Fighter began the quest for the Orb.
     0 | D:1      | Reached XP level 1. HP: 18/18 MP: 1/1
   122 | D:1      | Reached XP level 2. HP: 24/24 MP: 2/2
   325 | D:1      | Found a faded altar of an unknown god.
   355 | D:1      | Reached XP level 3. HP: 29/29 MP: 3/3
   920 | D:2      | Reached skill level 1 in Dodging
  1279 | D:2      | Reached XP level 4. HP: 37/37 MP: 4/4
  1280 | D:2      | Found Voubelen's General Store.
  2271 | D:3      | Found an iron altar of Okawaru.
  2366 | D:3      | Found a faded altar of an unknown god.
  2370 | D:3      | Found a sacrificial altar of Ru.
  2413 | D:3      | Became a worshipper of Warmaster Okawaru
  2468 | D:3      | Found a shimmering blue altar of Sif Muna.
  2849 | D:4      | Found Haofan's Weapon Shoppe.
  2944 | D:4      | Reached skill level 1 in Evocations
  2944 | D:4      | Reached XP level 5. HP: 12/42 MP: 5/5
  2949 | D:4      | HP: 2/42 [orc wizard/magic dart (8)]
  2950 | D:4      | Killed from afar by an orc wizard

Illustrated notes

Levels and vault maps discovered:
D:1:      mrwooster_arrival_statue, layout_basic, ebering_ecumenical_altar_hall
D:2:      layout_basic, serial_shops, nicolae_shop_stone
D:3:      layout_basic, general_overflow_altar, okawaru_metal_pillars_3,
          nicolae_overflow_ecumenical_swirl, serial_aquarium,
          aquarium_bridge_square [aquarium_subvault_bridge,
          aquarium_subvault_balcony, aquarium_subvault_wall,
          aquarium_subvault_wall], aquarium_bridge_square
          [aquarium_subvault_window, aquarium_subvault_balcony,
          aquarium_subvault_bridge, aquarium_subvault_bridge],
          aquarium_window_1, aquarium_window_1, aquarium_window_double,
          aquarium_window_corridor_3, aquarium_view_2f, aquarium_pool_2
D:4:      layout_loops_cross, lemuel_round_altar, serial_shops,
          nicolae_shop_bloodbath_and_beyond, gammafunk_ghost_grave

Skill      XL: |  1  2  3  4 |
---------------+-------------+-----
Dodging        | 1 |  1.3
Evocations     | 1 |  1.0
Fighting       | |  3.9
Axes           | |  2.8
Armour         | |  3.9
Shields        | |  4.8

Action                   |  1- 3 |  4- 6 || total
-------------------------+-------+-------++-------
Melee: War axe           |    92 |    53 ||   145
  Use: Scroll            |     2 |     5 ||     7
       Potion            |       |     5 ||     5
Armor: Scale mail        |    50 |    21 ||    71
Dodge: Dodged            |    39 |    22 ||    61
Block: Buckler           |    27 |     8 ||    35

Table legend: (Time is in decaauts)
 A = Elapsed time spent in this place.
 B = Non-inter-level travel time spent in this place.
 C = Inter-level travel time spent in this place.
 D = Time resting spent in this place.
 E = Time spent auto-exploring this place.
 F = Levels seen in this place.
 G = Mean time per level.
                   A        B        C        D        E       F      G
               +--------+--------+--------+--------+--------+-----+--------+
         Total |   3009 |   2827 |    182 |    100 |   2263 |   4 |  752.2 |
       Dungeon |   3009 |   2827 |    182 |    100 |   2263 |   4 |  752.2 |
               +--------+--------+--------+--------+--------+-----+--------+

Top non-repeatable levels by time:
     D:2: 1134 daAuts
     D:1: 926 daAuts
     D:3: 832 daAuts
     D:4: 115 daAuts
